 Dungeon Crawl Stone Soup version 0.16-a0-321-g9a421ca (webtiles) character file.

428 Qrupt the Poker (level 6, 0/56 HPs)
             Began as a Naga Abyssal Knight on Sept 2, 2014.
             Was a Priest of Lugonu.
             Slain by Edmund
             ... wielding a +0 dire flail
              (14 damage)
             ... on Level 5 of the Dungeon.
             The game lasted 00:12:38 (4223 turns).

Qrupt the Poker (Naga Abyssal Knight)               Turns: 4223, Time: 00:12:39

HP   0/56        AC  5     Str 15      XL: 6   Next: 98%
MP  10/10        EV 14     Int 12      God: Lugonu [***...]
Gold 174         SH  0     Dex 17      Spells:  0 memorised,  5 levels left

rFire  + . .     SeeInvis +     q - +0 scythe
rCold  + . .     Clarity  .     b - +0 leather armour
rNeg   . . .     rCorr    +     (no shield)
rPois  +         rRot     .     (no helmet)
rElec  +         Spirit   .     (no cloak)
SustAb .         Warding  .     h - +1 pair of gloves
rMut   .         Stasis   .     (no barding)
Gourm  .                        (no amulet)
MR     .....                    (no ring)
                                (no ring)

@: agile, resistant, very slightly contaminated, hasted, quick, not resistant to
hostile enchantments, unstealthy
A: spit poison, see invisible, deformed body, poison resistance, slowness 2, AC
+2
a: Spit Poison, Depart the Abyss, Bend Space, Banish, Renounce Religion


You were on level 5 of the Dungeon.
You worshipped Lugonu.
Lugonu was most pleased with you.
You were near starving.

You visited 1 branch of the dungeon, and saw 5 of its levels.
You visited the Abyss 1 time.

You collected 174 gold pieces.

Inventory:

Hand weapons
 a - a +1 spear
 q - a +0 scythe (weapon)
Armour
 b - a +0 leather armour (worn)
 h - a +1 pair of gloves (worn)
Comestibles
 c - 3 bread rations
 d - a beef jerky
 f - 4 fruits
 k - a slice of pizza
Scrolls
 g - a scroll of recharging {unknown}
 i - a scroll of enchant weapon {unknown}
 p - a scroll of remove curse {unknown}
 t - a scroll of fog {unknown}
Potions
 n - a potion of restore abilities
 o - a potion of resistance
 s - a potion of brilliance {unknown}


   Skills:
 - Level 3.1 Fighting
 - Level 6.2 Polearms
 - Level 1.7 Armour
 - Level 0.7 Dodging
 + Level 4.0 Invocations


You had 5 spell levels left.
You didn't know any spells.

Dungeon Overview and Level Annotations

Branches:
Dungeon (5/15)
 Temple: D:4-7

Altars:
Okawaru
Vehumet

Annotations:
D:5 Edmund


Innate Abilities, Weirdness & Mutations

You cannot wear boots.
You can spit poison.
Your serpentine skin is tough (AC +2).
You have supernaturally acute eyesight.
Armour fits poorly on your strangely shaped body.
Your system is resistant to poisons.
You cover ground very slowly.


Message History

Edmund is moderately wounded.
Edmund hits you with a dire flail.
Drink which item? (? for menu, Esc to quit)
You feel refreshed.
It was a potion of restore abilities.
Edmund hits you but does no damage.
Drink which item? (? for menu, Esc to quit)
You feel protected.
It was a potion of resistance.
Edmund hits you with a dire flail.
You slash Edmund!
Edmund is severely wounded.
Edmund hits you with a dire flail!
* * * LOW HITPOINT WARNING * * *
Drink which item? (? for menu, Esc to quit)
You feel agile all of a sudden.
It was a potion of agility.
You barely miss Edmund.
Edmund is severely wounded.
You are near starving!
Edmund hits you with a dire flail!
You die...

......####.####### ##.#......
.....## #.# #...##.##.#.......
....## #.# #).....##.#........
.#.## #.###...#####.#........
.#.#######...............%.....#
................................
.######..####.###>##.#..###...
#..####.##.........#
#..#....@@..##.#........
#..#.##.##..##(##..##... #..#
#.##....#.#..# #. #..#
#.##..##.##..# .... #.##..# [#
..# #..# #...... .. ... ...
....(....##. # ..##..#.##
..##..#)#


You could see Edmund.

Vanquished Creatures
  An ogre (D:3)
  Sigmund (D:5)
  2 hounds (D:2)
  Jessica (D:3)
  8 adders
  A gnoll (D:2)
  An adder skeleton (D:4)
  3 giant geckos
  An ooze (D:1)
  12 orcs
  4 ball pythons
  4 giant cockroaches
  9 hobgoblins
  3 quokkas
  13 bats
  3 giant newts
  7 goblins
  14 kobolds
  13 rats
101 creatures vanquished.

Vanquished Creatures (others)
  An orc (D:3)
1 creature vanquished.

Grand Total: 102 creatures vanquished

Notes
Turn   | Place    | Note
--------------------------------------------------------------
     0 | Abyss:1  | Qrupt, the Naga Abyssal Knight, began the quest for the Orb.
     0 | Abyss:1  | Reached XP level 1. HP: 21/21 MP: 1/1
    11 | D:1      | Escaped the Abyss
    24 | D:1      | HP: 1/21 [kobold (2)]
   393 | D:1      | Reached XP level 2. HP: 20/28 MP: 2/2
   873 | D:1      | Reached XP level 3. HP: 32/34 MP: 3/3
  1476 | D:2      | Acquired Lugonu's second power
  1551 | D:2      | Reached XP level 4. HP: 11/42 MP: 5/5
  1719 | D:2      | Reached skill level 4 in Polearms
  2056 | D:3      | Noticed Jessica
  2060 | D:3      | Killed Jessica
  2130 | D:2      | Reached XP level 5. HP: 49/49 MP: 6/6
  2160 | D:2      | Reached skill level 5 in Polearms
  2949 | D:3      | Acquired Lugonu's third power
  2955 | D:3      | Noticed an ogre
  2967 | D:3      | Killed an ogre
  2967 | D:3      | Reached skill level 6 in Polearms
  2967 | D:3      | Reached XP level 6. HP: 29/56 MP: 7/7
  3242 | D:3      | Found a radiant altar of Vehumet.
  3242 | D:3      | Found an iron altar of Okawaru.
  4029 | D:5      | Entered Level 5 of the Dungeon
  4054 | D:5      | Noticed Sigmund
  4071 | D:5      | Killed Sigmund
  4190 | D:5      | Noticed Edmund
  4223 | D:5      | Slain by Edmund

Action                   |  1- 3 |  4- 6 || total
-------------------------+-------+-------++-------
Melee: Spear             |   131 |   256 ||   387
       Scythe            |       |    17 ||    17
 Abil: Spit Poison       |       |     7 ||     7
  Use: Scroll            |       |     7 ||     7
       Potion            |       |     7 ||     7
  Eat: Chunk             |     2 |     7 ||     9
       Fruit             |       |     1 ||     1
